Map: Ascension vers Aïur EC

Players

lakiqaregma

  • Race: Protoss Protoss
  • Spawn Location: 5:00

zidar - Winner!

  • Race: Zerg Zerg
  • League: Gold
  • Spawn Location: 11:00

VOD

Have the link to the VOD?

Description

Time

  • Played on: July 7, 2017, 11:49 a.m.
  • Length: 14:35
Show
View Real Time Build Order
Export as new Build Order

lakiqaregma Protoss 

Build Orders:  

Get SALT Encoding   

  12  0:04  Probe (Chrono Boost)  
  13  0:14  Probe (Chrono Boost)  
  13  0:18  Pylon  
  14  0:27  Probe (Chrono Boost)  
  15  0:38  Pylon  
  15  0:41  Probe (Chrono Boost)  
  16  0:49  Assimilator  
  16  0:51  Probe (Chrono Boost)  
  17  1:01  Gateway  
  17  1:02  Probe (Chrono Boost)  
  18  1:12  Probe (Chrono Boost)  
  18  1:15  Assimilator  
  19  1:23  Probe (Chrono Boost)  
  20  1:37  Probe (Chrono Boost)  
  21  1:47  Probe (Chrono Boost)  
  22  1:54  Nexus  
  22  1:58  Probe (Chrono Boost)  
  22  1:59  Zealot (Chrono Boost)  
  25  2:10  Cybernetics Core  
  25  2:14  Probe  
  26  2:27  Probe  
  26  2:28  Zealot (Chrono Boost)  
  29  2:32  Pylon  
  29  2:39  Probe  
  30  2:47  Warp Gate (Chrono Boost)  
  32  2:51  Mothership Core  
  32  2:55  Pylon  
  32  3:12  Probe  
  33  3:14  Gateway  
  33  3:24  Probe  
  34  3:27  Gateway  
  34  3:30  Gateway  
  34  3:36  Probe  
  34  3:37  Gateway  
  35  3:43  Stalker  
  35  3:44  Probe  
  38  3:48  Probe  
  38  3:55  Probe  
  40  4:05  Probe  
  41  4:13  Robotics Facility  
  41  4:15  Zealot  
  41  4:16  Probe  
  44  4:26  Probe  
  45  4:37  Probe  
  45  4:40  Assimilator  
  45  4:45  Assimilator  
  46  4:47  Pylon  
  46  4:50  Pylon  
  46  4:52  Pylon  
  46  4:55  Gateway, Stalker x3  
  46  4:58  Sentry x2  
  56  5:11  Probe  
  56  5:12  Twilight Council  
  57  5:21  Probe  
  57  5:24  Warp Prism (Chrono Boost)  
  60  5:32  Probe  
  61  5:36  Robotics Bay  
  61  5:38  Probe  
  62  5:48  Blink  
  62  5:50  Stalker  
  62  5:51  Stalker x2  
  62  5:55  Zealot  
  74  5:57  Immortal (Chrono Boost)  
  74  6:30  Nexus  
  74  6:31  Disruptor (Chrono Boost)  
  74  6:32  Robotics Facility  
  77  6:33  Probe  
  78  6:43  Probe  
  79  6:47  Adept x3  
  79  6:54  Probe  
  86  7:14  Pylon  
  86  7:17  Pylon  
  86  7:21  Pylon  
  86  7:25  Gravitic Drive  
  86  7:32  Probe, Disruptor (Chrono Boost)  
  90  7:39  Templar Archives  
  94  7:44  Probe  
  94  7:48  Probe  
  94  7:50  Immortal (Chrono Boost)  
  96  7:56  Probe  
  97  7:59  Probe  
  97  8:00  Pylon  
  97  8:03  Pylon  
  97  8:04  Stalker  
  97  8:05  Stalker x2  
  104  8:08  Probe  
  104  8:09  Probe  
  104  8:10  Pylon  
  104  8:12  Pylon  
  106  8:15  Pylon  
  106  8:17  Observer (Chrono Boost)  
  107  8:20  Psionic Storm, Probe x2  
  112  8:28  Zealot x3, Disruptor (Chrono Boost)  
  112  8:30  Probe  
  119  8:38  Probe, Assimilator  
  120  8:41  Assimilator  
  120  8:48  Probe  
  121  8:59  Probe  
  122  9:18  Adept  
  122  9:19  Adept  
  118  9:35  High Templar x3  
  118  9:36  High Templar  
  124  9:38  Probe  
  124  9:45  Disruptor (Chrono Boost)  
  131  9:49  Probe, Disruptor (Chrono Boost)  
  132  9:59  Probe  
  132  10:00  High Templar  
  132  10:01  High Templar  
  137  10:09  Stalker x3  
  143  10:20  Immortal (Chrono Boost)  
  147  10:32  High Templar x2  
  151  10:37  Archon  
  151  10:39  Nexus, Forge  
  151  10:41  Forge  
  155  10:52  Immortal (Chrono Boost)  
  155  10:55  Disruptor (Chrono Boost)  
  158  11:04  High Templar  
  158  11:06  Zealot  
  158  11:07  Zealot  
  164  11:16  Pylon  
  164  11:19  Pylon  
  164  11:21  Pylon  
  164  11:31  Observer (Chrono Boost)  
  165  11:54  Adept  
  165  11:55  Adept x3  
  165  11:56  Adept x2  
  177  12:22  Colossus (Chrono Boost)  
  177  12:26  Colossus (Chrono Boost)  
  177  12:37  High Templar x3  
  177  12:39  High Templar  
  177  12:40  Nexus  
  177  12:41  Archon  
  177  12:43  Archon  
  185  12:46  Protoss Ground Weapons Level 1 (Chrono Boost)  
  185  12:48  Protoss Shields Level 1 (Chrono Boost)  
  185  12:53  Extended Thermal Lance  
  185  13:16  Disruptor  
  185  13:18  Disruptor  
  191  13:26  Sentry x2  
  195  13:38  Assimilator  
  195  13:42  Assimilator  
  107  14:23  Stalker x4  
  107  14:24  Stalker x2  
Show
View Real Time Build Order
Export as new Build Order

zidar Zerg - Winner!

Build Orders: Pool First, Brood Lord Corruptor 

Get SALT Encoding   

  12  0:01  Drone  
  13  0:12  Overlord  
  13  0:17  Drone  
  14  0:30  Drone x2  
  14  0:34  Drone  
  17  0:47  Spawning Pool  
  16  0:50  Drone  
  17  1:12  Hatchery  
  17  1:17  Drone  
  17  1:20  Extractor, Drone  
  17  1:35  Queen  
  17  1:37  Drone  
  20  1:46  Overlord  
  20  2:09  Drone  
  20  2:10  Queen, Drone x2  
  25  2:24  Metabolic Boost  
  25  2:27  Drone x2  
  27  2:35  Drone  
  28  2:50  Zergling x2  
  28  2:51  Zergling x4  
  30  2:53  Drone x3  
  34  3:12  Baneling Nest  
  33  3:36  Overlord x2, Extractor  
  33  3:40  Drone x4  
  36  4:15  Drone x6  
  42  4:19  Overlord  
  41  4:37  Overlord  
  41  4:40  Lair  
  41  4:42  Drone  
  41  4:44  Drone  
  43  4:52  Queen  
  45  4:56  Drone x7  
  45  4:57  Hatchery  
  51  5:20  Extractor  
  50  5:23  Extractor  
  50  5:24  Drone x2  
  50  5:25  Drone  
  52  5:32  Queen  
  52  5:34  Overlord  
  52  5:35  Overlord  
  54  5:55  Centrifical Hooks  
  54  5:56  Roach Warren  
  53  6:06  Evolution Chamber  
  53  6:08  Evolution Chamber  
  51  6:33  Drone x13  
  51  6:34  Drone x3  
  67  6:40  Overlord x2  
  67  6:43  Zerg Ground Armor Level 1  
  67  6:45  Zerg Melee Weapons Level 1  
  67  6:48  Zergling x12  
  72  7:04  Zergling x10  
  77  7:25  Zergling x18  
  77  7:27  Baneling  
  77  7:28  Baneling x6  
  86  7:33  Extractor  
  85  7:38  Extractor  
  84  7:45  Drone  
  84  7:46  Drone  
  86  7:54  Zergling x12  
  86  7:55  Zergling x8, Infestation Pit  
  86  7:58  Queen  
  97  8:00  Overlord  
  97  8:01  Overlord x2  
  97  8:09  Spire  
  96  8:30  Zergling x8  
  96  8:31  Zergling x8  
  96  8:33  Overlord x3  
  104  8:34  Overlord  
  104  8:59  Baneling x12  
  104  9:00  Baneling x2  
  104  9:01  Baneling x2  
  104  9:02  Baneling x3  
  104  9:03  Baneling  
  104  9:11  Hive  
  104  9:16  Zerg Melee Weapons Level 2  
  104  9:18  Zerg Ground Armor Level 2  
  92  9:40  Drone x6  
  92  9:41  Drone x5  
  92  9:42  Drone x7  
  110  10:02  Corruptor x3  
  110  10:03  Corruptor x3  
  122  10:08  Zergling x22  
  133  10:14  Hatchery  
  133  10:15  Overlord x3  
  133  10:16  Overseer  
  133  10:17  Overseer  
  132  10:40  Hatchery  
  131  10:48  Zergling x14  
  131  10:49  Zergling x4  
  140  10:50  Zergling x4  
  140  10:52  Baneling  
  140  10:53  Baneling x12  
  140  10:54  Baneling x6  
  142  11:12  Greater Spire  
  142  11:18  Adrenal Glands  
  142  11:26  Overlord  
  142  11:27  Overlord x3  
  142  11:37  Zergling x4  
  142  11:38  Zergling x8  
  148  11:45  Corruptor x3  
  148  11:46  Corruptor x3  
  148  11:47  Corruptor x4  
  160  11:48  Corruptor x2  
  169  12:28  Brood Lord x3  
  169  12:29  Brood Lord x3  
  183  12:30  Brood Lord x2  
  183  12:31  Brood Lord  
  183  12:32  Brood Lord  
  189  13:16  Corruptor  
  189  13:17  Corruptor  
  189  13:19  Zergling x14  
  200  13:24  Baneling x8  
  200  13:26  Baneling  
  124  14:15  Zergling x36  
  124  14:16  Zergling x20  
Tags
 
Add a new tag
Caveats
  • Supply blocks, unpowered buildings, or Contaminate may cause inaccurate times.
  • Supply counts are checked every 10 seconds.